 Dungeon Sprint DCSS version 0.18-a0-1778-gadce9fa (webtiles) character file.

4031 MDvedh the Brawler (level 10, 0/111 HPs)
             Began as a Troll Monk on Apr 16, 2016.
             Was the Champion of Cheibriados.
             Slain by an eight-headed hydra (8 damage)
             ... in the Dungeon (Sprint IX: "|||||||||||||||||||||||||||||").
             The game lasted 00:08:12 (608 turns).

MDvedh the Brawler (Troll Monk)                      Turns: 608, Time: 00:08:12

Health: 0/111      AC:  7    Str: 39    XL:     10   Next: 4%
Magic:  10/16      EV: 12    Int: 24    God:    Cheibriados [******]
Gold:   17         SH:  0    Dex: 27    Spells: 0 memorised, 9 levels left

rFire  . . .     SeeInvis .       - Unarmed
rCold  . . .     Gourm    +     a - +0 robe
rNeg   . . .     Faith    .     (no shield)
rPois  .         Spirit   .     (helmet restricted)
rElec  .         Dismiss  .     (no cloak)
rCorr  .         Reflect  .     (gloves unavailable)
SustAt .         Harm     .     (boots unavailable)
MR     .....     NoTele   +     (no amulet)
Stlth  ++........               o - +3 ring of intelligence
                                n - +2 ring of protection

@: lethally poisoned (0 -> -1), very slow, not resistant to hostile
enchantments, unstealthy
A: unfitting armour, claws 3, fast metabolism 3, gourmand, regeneration 2,
shaggy fur 1, tough skin 2
a: Bend Time, Temporal Distortion, Slouch, Step From Time, Renounce Religion


You were in the Dungeon.
You worshipped Cheibriados.
Cheibriados was exalted by your worship.
You were very full.

You visited 1 branch You collected 17 gold pieces.

Inventory:

Hand Weapons
 m - a +2 scimitar of flaming
Armour
 a - a +0 robe (worn)
 l - a +0 cloak
Jewellery
 n - a +2 ring of protection (left claw)
 o - a +3 ring of intelligence (right claw)
Wands
 k - a wand of lightning (7/15)
Scrolls
 h - 3 scrolls of blinking
 i - 5 scrolls of remove curse
 j - 2 scrolls of amnesia
 r - 4 scrolls of identify
Potions
 c - 6 potions of curing
 d - 2 potions of heal wounds
 e - a potion of haste
 f - 4 potions of magic
 g - a potion of might
 p - 3 potions of agility
 q - a potion of cure mutation
Comestibles
 b - 2 bread rations
 s - 2 chunks of flesh


   Skills:
 + Level 10.6 Fighting
 - Level 2.4 Dodging
 - Level 1.1 Stealth
 * Level 16.6 Unarmed Combat
 * Level 9.9 Invocations


You had 9 spell levels left.
You didn't know any spells.

Dungeon Overview and Level Annotations

Branches:
Dungeon (1/1)

Altars:
Cheibriados
Dithmenos
Elyvilon
Fedhas
Gozag
Kikubaaqudgha
Makhleb
Nemelex Xobeh
Okawaru
Pakellas
Qazlal
Ru
Sif Muna
Trog
Vehumet
Xom
Yredelemnul
Zin
The Shining One
Beogh
Jiyva
Lugonu


Innate Abilities, Weirdness & Mutations

You are too large for most types of armour.
You have claws for hands.
Your metabolism is lightning-fast.
You like to eat raw meat.
You heal very quickly.
You are covered in fur (AC +1).
You have very tough skin (AC +2).


Message History

The eight-headed hydra bites you!
* * * LOW HITPOINT WARNING * * *
The eight-headed hydra bites you.
* * * LOW HITPOINT WARNING * * *
You are too injured to fight recklessly!
Unknown command.
You are too injured to fight recklessly!
You are too injured to fight recklessly!
Unknown command.
You can feel time thicken for a moment.
You kill the water moccasin!
Cheibriados appreciates the change of pace.
You feel sick.
The eight-headed hydra bites you but does no damage.
The eight-headed hydra bites you.
* * * LOW HITPOINT WARNING * * *
The eight-headed hydra bites you!
* * * LOW HITPOINT WARNING * * *
The eight-headed hydra bites you!
You die...

▓▓▓▓▓▓▓▓▓▓▓▓▓▓▓▓▓▓▓▓▓▓▓▓▓▓▓▓▓▓▓▓▓
'______________________'..|).[[..
▓▓▓▓▓▓▓▓▓▓▓▓▓▓▓▓▓▓▓▓▓▓▓▓▓▓▓▓▓▓▓▓▓
.................................
▓▓▓▓▓▓▓▓▓▓▓▓▓▓▓▓▓▓▓▓▓▓▓▓▓▓▓▓▓▓▓▓▓
.....÷†.†.†....†@Dl.....
▓▓▓▓▓▓▓▓▓▓▓▓▓▓▓▓▓▓▓▓▓▓▓▓


You could see an eight-headed hydra and a basilisk.

Vanquished Creatures
  A catoblepas (D)
  A cyclops (D)
  A gargoyle (D)
  3 spiny frogs (D)
  A rime drake (D)
  A komodo dragon (D)
  A troll (D)
  2 water moccasins (D)
  A porcupine (D)
  An orc warrior (D)
  An ice beast (D)
  2 ogres (D)
  A crocodile (D)
  4 giant frogs (D)
  A scorpion (D)
  A wight (D)
  A crimson imp (D)
  A worker ant (D)
  An adder (D)
  2 river rats (D)
  An ooze (D)
  An adder skeleton (D)
  A dart slug (D)
  An orc (D)
  A bat skeleton (D)
  A goblin (D)
  2 jackals (D)
  A kobold (D)
  A rat (D)
38 creatures vanquished.

Notes
Turn   | Place    | Note
--------------------------------------------------------------
     0 | D        | MDvedh the Troll Monk began the quest for the Orb.
     0 | D        | Reached XP level 1. HP: 22/22 MP: 0/0
    11 | D        | Reached skill level 5 in Unarmed Combat
    12 | D        | Reached XP level 2. HP: 30/31 MP: 1/1
    24 | D        | Noticed an ogre
    24 | D        | Noticed an ice beast
    24 | D        | Noticed an ogre
    38 | D        | Killed an ogre
    38 | D        | Reached skill level 8 in Unarmed Combat
    38 | D        | Reached XP level 3. HP: 29/41 MP: 2/2
    38 | D        | Reached XP level 4. HP: 35/49 MP: 3/3
    44 | D        | Killed an ice beast
    44 | D        | Reached skill level 5 in Fighting
    44 | D        | Reached skill level 10 in Unarmed Combat
    44 | D        | Reached XP level 5. HP: 45/59 MP: 4/4
    46 | D        | Killed an ogre
    46 | D        | Reached skill level 11 in Unarmed Combat
    46 | D        | Reached XP level 6. HP: 53/68 MP: 5/5
    69 | D        | Found a glowing silver altar of Zin.
    69 | D        | Found a glowing golden altar of the Shining One.
    69 | D        | Found an ancient bone altar of Kikubaaqudgha.
    69 | D        | Found a basalt altar of Yredelemnul.
    69 | D        | Found a shimmering altar of Xom.
    69 | D        | Found a radiant altar of Vehumet.
    70 | D        | Found an iron altar of Okawaru.
    94 | D        | Found a burning altar of Makhleb.
    95 | D        | Found a deep blue altar of Sif Muna.
    96 | D        | Found a bloodstained altar of Trog.
    97 | D        | Found a sparkling altar of Nemelex Xobeh.
    98 | D        | Found a white marble altar of Elyvilon.
    99 | D        | Found a roughly hewn altar of Beogh.
   100 | D        | Found a viscous altar of Jiyva.
   101 | D        | Found a corrupted altar of Lugonu.
   102 | D        | Found a blossoming altar of Fedhas.
   103 | D        | Found a snail-covered altar of Cheibriados.
   104 | D        | Found a shadowy altar of Dithmenos.
   105 | D        | Found a stormy altar of Qazlal.
   106 | D        | Found an opulent altar of Gozag.
   107 | D        | Found a sacrificial altar of Ru.
   108 | D        | Found an oddly glowing altar of Pakellas.
   139 | D        | Became a worshipper of Cheibriados the Contemplative
   139 | D        | Reached * piety under Cheibriados
   139 | D        | Reached ** piety under Cheibriados
   171 | D        | Noticed a troll
   171 | D        | Noticed a komodo dragon
   174 | D        | Killed a troll
   174 | D        | Reached skill level 12 in Unarmed Combat
   180 | D        | Reached *** piety under Cheibriados
   181 | D        | Reached XP level 7. HP: 38/79 MP: 6/6
   186 | D        | Killed a komodo dragon
   186 | D        | Reached **** piety under Cheibriados
   186 | D        | Reached skill level 13 in Unarmed Combat
   246 | D        | Noticed a gargoyle
   246 | D        | Noticed a cyclops
   249 | D        | Killed a gargoyle
   249 | D        | Reached skill level 14 in Unarmed Combat
   249 | D        | Reached XP level 8. HP: 56/91 MP: 6/9
   254 | D        | Reached ***** piety under Cheibriados
   262 | D        | Killed a cyclops
   262 | D        | Reached skill level 5 in Invocations
   479 | D        | Noticed a rime drake
   479 | D        | Noticed a spiny frog
   479 | D        | Noticed a spiny frog
   480 | D        | Noticed a catoblepas
   499 | D        | Reached ****** piety under Cheibriados
   499 | D        | Reached skill level 15 in Unarmed Combat
   504 | D        | Killed a rime drake
   504 | D        | Reached XP level 9. HP: 41/101 MP: 6/13
   504 | D        | Killed a spiny frog
   504 | D        | Killed a spiny frog
   504 | D        | Reached skill level 10 in Fighting
   505 | D        | Killed a catoblepas
   505 | D        | Reached skill level 16 in Unarmed Combat
   592 | D        | Noticed a spiny frog
   601 | D        | Noticed an eight-headed hydra
   602 | D        | Killed a spiny frog
   605 | D        | Reached XP level 10. HP: 93/111 MP: 14/16
   608 | D        | Slain by an eight-headed hydra

Vault maps used:
D:        linesprint

Skill      XL: |  1  2  3  4  5  6  7  8  9 |
---------------+----------------------------+-----
Unarmed Combat | 5 8 10 11 12 14 15 16 | 16.6
Fighting       | 3 4 5 6 7 8 9 10 | 10.6
Invocations    | 3 6 9 |  9.9
Dodging        | |  2.4
Stealth        | |  1.1

Action                   |  1- 3 |  4- 6 |  7- 9 | 10-12 || total
-------------------------+-------+-------+-------+-------++-------
Melee: Unarmed           |    26 |    16 |    39 |     1 ||    82
       Punch             |     2 |     1 |     2 |     1 ||     6
Invok: Slouch            |       |       |     2 |     1 ||     3
  Use: Potion            |     1 |     1 |     1 |       ||     3
 Stab: Invisible         |       |     1 |       |       ||     1
  Eat: Chunk             |       |     4 |     6 |       ||    10
Armor: Robe              |     5 |     1 |     3 |     1 ||    10
Dodge: Dodged            |     8 |     6 |    16 |     8 ||    38
